AoeStats
← Atlas

Highland

506149319Analyzed
4v4 RM · 18d ago on Sep 12, 2026· 42m 59s· 8 players
Game mode
Random Map
Map size
Large (8 player)
Population
200
Speed
Normal
Resources
Standard
Victory
Conquest
Starting age
Dark Age
Ending age
Imperial Age
RankedLock teamsTeams togetherTeam positionsShared explorationLock speedFull tech treeHidden civsTurbo modeCheats
Victory
Defeat
🇨🇱 Mongols · Chile
700
+14
🇺🇸 Vietnamese · United States
666
+16
🇺🇸 Persians · United States
651
+16
🇺🇸 Franks · United States
636
+17
🇩🇰 Bohemians · Denmark
684
-16
🇩🇪 Aztecs · Germany
665
-16
🇨🇳 Britons · China
658
-16
🇩🇪 Lithuanians · Germany
635
-15
Mikey
12:42 Feudal Age
11:27 Loom
13:48 Double-Bit Axe
18:20 Horse Collar
25:08 Castle Age
23:49 Wheelbarrow
22:59 Town Watch
23:25 Scale Barding Armor
23:31 Forging
25:03 Gold Mining
25:05 Stone Mining
30:18 Bow Saw
30:10 Heavy Plow
30:49 Stone Shaft Mining
31:47 Chain Barding Armor
32:03 Iron Casting
31:52 Bloodlines
31:42 Husbandry
34:18 Imperial Age
35:10 Hand Cart
34:57 Town Patrol
35:35 Plate Barding Armor
34:23 Elite Leitis
35:24 Conscription
40:06 Crop Rotation
Ralle1900
7:09 Loom
10:26 Feudal Age
12:23 Double-Bit Axe
18:38 Castle Age
22:07 Bow Saw
22:51 Caravan
29:00 Wagenburg Tactics
32:20 Imperial Age
32:42 Ballistics
33:23 Chemistry
32:20 Murder Holes
32:35 Masonry
32:36 Elite Hussite Wagon
33:22 Hussite Reforms
33:35 Pikeman
34:16 Squires
34:34 Houfnice
34:51 Halberdier
38:05 Two-Man Saw
37:46 Guilds
39:03 Wheelbarrow
vSpllitz
3:34 Loom
11:16 Feudal Age
11:57 Horse Collar
13:23 Double-Bit Axe
13:30 Gold Mining
21:24 Castle Age
31:22 Imperial Age
29:38 Wheelbarrow
31:37 Gold Shaft Mining
31:28 Elite Jaguar Warrior
32:38 Heavy Plow
33:02 Bow Saw
40:42 Squires
40:28 Arson
42:04 Garland Wars
43:12 Forging
43:03 Scale Mail Armor
小鱼鱼鱼
12:17 Feudal Age
14:38 Loom
17:33 Castle Age
16:07 Double-Bit Axe
16:15 Gold Mining
16:10 Horse Collar
19:58 Heavy Plow
21:00 Stone Mining
24:19 Wheelbarrow
23:29 Town Watch
31:04 Bow Saw
32:10 Gold Shaft Mining
35:21 Pikeman
36:02 Squires
35:48 Arson
36:51 Hand Cart
36:38 Town Patrol
37:01 Forging
36:44 Fletching
36:55 Padded Archer Armor
43:09 Imperial Age
41:40 Bodkin Arrow
41:45 Padded Archer Armor
Cloud-G
12:31 Feudal Age
13:36 Feudal Age
17:40 Castle Age
15:44 Double-Bit Axe
16:58 Horse Collar
19:10 Heavy Plow
19:27 Bow Saw
26:47 Heavy Plow
30:24 Imperial Age
29:22 Guard Tower
32:28 Crop Rotation
33:01 Two-Man Saw
32:40 Scale Barding Armor
32:46 Forging
32:30 Gold Mining
36:20 Chain Barding Armor
35:24 Cavalier
35:41 Heavy Camel Rider
36:36 Husbandry
36:47 Bloodlines
37:15 Kamandaran
37:40 Conscription
40:14 Iron Casting
40:40 Plate Barding Armor
39:33 Crossbowman
40:19 Thumb Ring
Atlas
7:34 Loom
13:17 Feudal Age
14:32 Double-Bit Axe
14:31 Horse Collar
22:13 Castle Age
23:55 Bow Saw
23:51 Heavy Plow
26:47 Caravan
27:40 Arson
30:32 Fletching
30:44 Padded Archer Armor
33:21 Imperial Age
31:41 Forging
31:31 Scale Mail Armor
35:06 Chemistry
34:22 Siege Engineers
35:05 Leather Archer Armor
34:46 Bodkin Arrow
36:13 Paper Money
37:15 Squires
37:58 Chain Mail Armor
38:13 Elite Fire Lancer
40:42 Plate Mail Armor
41:03 Elite Rattan Archer
uncleether0
15:57 Feudal Age
22:16 Castle Age
21:07 Gold Mining
21:05 Double-Bit Axe
21:14 Stone Mining
37:00 Imperial Age
36:20 Bow Saw
37:01 Cavalier
39:56 Chivalry
41:12 Paladin
JeanMulet
11:06 Loom
13:28 Feudal Age
14:35 Double-Bit Axe
16:00 Town Watch
19:45 Forging
19:36 Scale Mail Armor
25:55 Castle Age
23:54 Gold Mining
24:11 Scale Barding Armor
26:38 Bloodlines
28:11 Bow Saw
28:00 Fletching
28:10 Padded Archer Armor
29:59 Gold Shaft Mining
28:51 Pikeman
30:56 Husbandry
33:44 Wheelbarrow
35:51 Chain Barding Armor
39:26 Imperial Age
36:57 Stone Mining
38:41 Hand Cart
39:50 Bodkin Arrow
42:39 Town Patrol
Connection lost

Rejoining the realm…

Still unreachable

The connection could not be restored.

Session expired

The server has moved on; the page needs a fresh start.